 Dungeon Crawl Stone Soup version 0.30.1-11-g7821555f0a (webtiles) character file.

Game seed: 2314018814933861244

162 ChrisAssaf the Sneak (level 5, -3/39 HPs)
             Began as a Human Brigand on Nov 26, 2023.
             Was a Follower of Fedhas.
             Slain by a hound (6 damage)
             ... on level 4 of the Dungeon.
             The game lasted 00:05:29 (1174 turns).

ChrisAssaf the Sneak (Human Brigand)                Turns: 1174, Time: 00:05:31

Health: -3/39      AC:  0    Str: 12    XL:     5   Next: 71%
Magic:  5/5        EV: 12    Int: 13    God:    Fedhas [*.....]
Gold:   91         SH:  0    Dex: 14    Spells: 4/4 levels left

rFire   . . .        a - +2 dagger
rCold   . . .        (no shield)
rNeg    . . .        b - +0 robe
rPois   .            (no helmet)
rElec   .            m - +1 cloak "Kihergh" {rCorr}
rCorr   +            (no gloves)
SInv    .            (no boots)
Will    .....        (no amulet)
Stlth   +++          (no ring)
HPRegen 0.26/turn    (no ring)
MPRegen 0.09/turn

%: no passive effects
@: corroded, invisible
A: no striking features
a: Renounce Religion


You were on level 4 of the Dungeon.
You worshipped Fedhas.
Fedhas was aware of your devotion.
You visited 1 branch of the dungeon, and saw 6 of its levels.

You collected 91 gold pieces.

Inventory:

Hand Weapons
 a - a +2 dagger (weapon)
 g - a +0 quarterstaff
Missiles
 d - 8 poisoned darts (quivered)
 e - 3 curare-tipped darts
 k - 4 datura-tipped darts
Armour
 b - a +0 robe (worn)
 c - a +0 cloak
 m - the +1 cloak "Kihergh" (worn) {rCorr}
   (You found it on level 5 of the Dungeon)

   rCorr:     It protects you from acid and corrosion.
Scrolls
 h - a scroll of silence {unknown}
 i - a scroll of enchant armour {unknown}
 l - a scroll of amnesia {unknown}
 n - 3 scrolls of magic mapping
Potions
 j - a potion of might {unknown}


   Skills:
 * Level 2.4 Fighting
 * Level 2.0 Short Blades
 * Level 2.0 Staves
 * Level 2.8 Throwing
 * Level 1.3 Armour
 * Level 2.1 Dodging
 * Level 4.9 Stealth


You had 4 spell levels left.
You didn't know any spells.
Your spell library was empty.

Dungeon Overview and Level Annotations

Branches:
Dungeon (6/15)
 Temple: D:4-7

Altars:
Elyvilon
Fedhas
Gozag
Sif Muna
Xom

Shops:
D:1 ?


Message History

Found a stone staircase leading down.
The hound attacks as you move away! The hound barely misses you.
Found 13 gold pieces.
The hound bites you.
A gnoll comes into view. It is wielding a +0 flail.
The hound barely misses you. The jelly attacks as you move away!
The jelly barely misses you. The hound closely misses you.
A gnoll comes into view. It is wielding a +0 vampiric whip.
The jelly hits you.
You are splashed with acid.
You resist. The hound bites you but does no damage.
The gnoll hits you with a +0 club.
There is a stone staircase leading up, spattered with blood here.
The gnoll shouts! x2
The hound bites you but does no damage. The jelly hits you but does no damage.
The gnoll hits you with a +0 club!
You climb upwards.
You hear the hiss of flowing sand.
There is an entrance to an ossuary on this level.
Hurry and find it before the portal is buried!
There is a stone staircase leading down here.
Okay, then.
You fade into invisibility!
The hound bites you but does no damage. The gnoll barely misses you.
The hound closely misses you. The jelly hits you.
You are splashed with acid.
You resist.
* * * LOW HITPOINT WARNING * * *
The jelly hits you.
* * * LOW HITPOINT WARNING * * *
The acid corrodes you!
You are splashed with acid.
You resist.
* * * LOW HITPOINT WARNING * * *
The gnoll completely misses you.
Unknown command.
The hound barely misses you. The hound attacks as you move away!
The hound closely misses you. The hound attacks as you move away!
The hound misses you. The jelly attacks as you move away! The jelly hits you.
* * * LOW HITPOINT WARNING * * *
You are splashed with acid.
You resist.
* * * LOW HITPOINT WARNING * * *
The hound bites you.
You die...
Fedhas appreciates your contribution to the ecosystem.

#......#
#......#
+......#
####......#
#........>#
#.........#
#.......g.#
#.....Jh..#
#.....@...#
.....#######
.... ...


You could see a hound, a jelly and a gnoll (unable to see you).

Vanquished Creatures
  A scorpion (D:5)
  An orc priest (D:5)
  A hound (D:5)
  2 adders
  A dart slug (D:2)
  2 orcs (D:5)
  An endoplasm (D:1)
  A goblin (D:2)
  4 hobgoblins
  2 quokkas (D:2)
  A ball python (D:1)
  2 bats (D:2)
  A kobold (D:3)
  2 rats (D:1)
22 creatures vanquished.

Notes
Turn   | Place    | Note
-------+----------+-------------------------------------------
     0 | D:1      | ChrisAssaf the Human Brigand began the quest for the Orb.
     0 | D:1      | Reached XP level 1. HP: 16/16 MP: 1/1
    50 | D:1      | Found Osuisibe's Magic Scroll Shoppe.
   264 | D:1      | Reached XP level 2. HP: 19/22 MP: 2/2
   398 | D:2      | Reached XP level 3. HP: 13/27 MP: 3/3
   489 | D:2      | Found a faded altar of an unknown god.
   535 | D:2      | Prayed at the altar of an unknown god.
   535 | D:2      | Became a worshipper of Fedhas Madash
   535 | D:2      | Reached * piety under Fedhas
   809 | D:3      | Found a white marble altar of Elyvilon.
   809 | D:3      | Found an opulent altar of Gozag.
   818 | D:3      | You fall into a shaft and drop 3 floors!
   820 | D:6      | Found a shimmering blue altar of Sif Muna.
   846 | D:5      | Entered Level 5 of the Dungeon
   895 | D:5      | Noticed a scorpion
   918 | D:5      | Killed a scorpion
   919 | D:5      | Reached skill level 1 in Staves
   919 | D:5      | Reached skill level 1 in Armour
   919 | D:5      | Reached XP level 4. HP: 22/33 MP: 4/4
   919 | D:5      | Reached XP level 5. HP: 25/38 MP: 5/5
  1053 | D:5      | Identified the +1 cloak "Kihergh" {rCorr}
  1076 | D:5      | Found a shimmering altar of Xom.
  1174 | D:4      | Slain by a hound

Illustrated notes

Levels and vault maps discovered:
D:1:      dpeg_arrival_short_road, layout_loops_corners, serial_shops, shop
D:2:      layout_basic, shapermc_ecumenical_altar_mp_highgroup
D:3:      layout_loops_cross, mainiacjoe_overflow_divided_tiny,
          gup_sewer_entry_bubbles, minmay_quantized
D:4:      layout_gridville, enter_ossuary_3, nicolae_half_adder, uniq_eustachio,
          uniq_natasha
D:5:      layout_loops_ring, lemuel_round_altar, general_overflow_altar
D:6:      layout_gridville, lemuel_round_altar, mainiacjoe_overflow_boulevard,
          lightli_minifort

Skill      XL: |  1  2  3  4  5 |
---------------+----------------+-----
Staves         | 1 2 |  2.0
Armour         | 1 |  1.3
Dodging        | 2 |  2.1
Fighting       | |  2.4
Short Blades   | |  2.0
Throwing       | |  2.8
Stealth        | |  4.9

Action                     |  1- 3 |  4- 6 || total
---------------------------+-------+-------++-------
  Melee: Dagger            |    14 |    19 ||    33
         Quarterstaff      |    46 |       ||    46
  Throw: Dart              |    24 |       ||    24
    Use: Potion            |     3 |     2 ||     5
         Scroll            |     3 |       ||     3
   Stab: Sleeping          |     4 |     3 ||     7
         Invisible         |     1 |       ||     1
 Armour: Robe              |    11 |     8 ||    19
  Dodge: Dodged            |    42 |    17 ||    59
